[Event "2. Itzehoer Schach Open"]
[Site "Itzehoe, Germany"]
[Date "2023.04.30"]
[Round "4.24"]
[White "Richter, Ruediger"]
[Black "Oblender, Rudi"]
[Result "1/2-1/2"]
[TimeControl "90 min / 40 Züge + 30 min + 30 Sek pro Zug"]
[WhiteElo "1869"]
[BlackElo "1391"]

1. e4 e5 2. Nf3 Nc6 3. Bc4 Bc5 4.
O-O Nf6 5. d4 Bxd4 6. Nxd4 Nxd4 7. f4 Nc6 8. f5 d6 9. Bg5 b6 10. Nc3 Na5 11. Be2 Bb7 12. b4 Nc6 13. Nd5 Nd4 14.
Bxf6 Nxe2+ 15. Qxe2 gxf6 16. c4 c6 17. Nc3 Qe7 18. Rab1 h5 19. Rfd1 h4 20. h3 Qf8 21. Rd2 O-O-O 22. a4 Kc7 23. Rdb2 Rb8 24. Ra1 Kd7 25. a5 Qd8 26. Rab1 Ke7 27. Qf2 Qc7 28. Na4 b5 29. cxb5 cxb5 30.
Rc2 Qd7 31. Nc3 a6 32. Rbc1 Rhc8 33. Qa7 Kd8 34. Nd5 Bxd5 35. Rxc8+ Rxc8 36. Qb6+ Ke7 37. Rxc8 Qxc8 38. exd5 Qc1+ 39.
Kh2 Qf4+ 40. Kh1 Qf1+ 41. Qg1 Qxf5 42. Qa7+ Kf8 43. Qb8+ Kg7 44. Qxd6 Qf1+ 45. Kh2 Qf4+ 1/2-1/2

[Event "2. Itzehoer Schach Open"]
[Site "Itzehoe, Germany"]
[Date "2023.04.30"]
[Round "4.29"]
[White "Papenfuss, Kai"]
[Black "Lueders Vega, Iago Ernst"]
[Result "1-0"]
[TimeControl "90 min / 40 Züge + 30 min + 30 Sek pro Zug"]
[WhiteElo "1751"]
[BlackElo "1333"]

1. e4 e5 2. Nc3 Nf6 3. g3 Bc5 4. Bg2 O-O 5. Nge2 Nc6 6.
O-O d6 7. Na4 Bb6 8. h3 Be6 9. Nxb6 axb6 10. d4 exd4 11. Nxd4 Nxd4 12. Qxd4 Qd7 13. Kh2 Ra4 14. Qe3 Re8 15.
b3 Ra5 16. Bb2 Qd8 17. a4 Nd7 18. c4 c6 19.
Qc3 f6 20. Rad1 Ne5 21. f4 Nf7 22. g4 Qb8 23. g5 Rc8 24. gxf6 g6 25. Qg3 Kf8 26. f5 gxf5 27. Qg7+ Ke8 28.
exf5 Bxf5 29. Qg8+ Kd7 30. Qxf7+ 1-0

[Event "2. Itzehoer Schach Open"]
[Site "Itzehoe, Germany"]
[Date "2023.04.30"]
[Round "4.31"]
[White "Spieker, Hans-Joachim"]
[Black "Lieb, Max"]
[Result "1-0"]
[TimeControl "90 min / 40 Züge + 30 min + 30 Sek pro Zug"]
[WhiteElo "1747"]
[BlackElo "1333"]

1. Nf3 g6 2. c4 Bg7 3. g3 d6 4. Bg2 Nd7 5. O-O e6 6. d3 Ne7 7. Qc2 b6 8. Bg5 Bb7 9. Nc3 h6 10.
Bd2 a6 11. Rac1 f5 12. e4 g5 13. exf5 Nxf5 14. Rfe1 Bxf3 15. Bxf3 Nd4 16. Qd1 Nxf3+ 17. Qxf3 Ne5 18. Qe4 Rf8 19.
f4 gxf4 20. Bxf4 Rb8 21. d4 Nf3+ 22. Qxf3 Bxd4+ 23. Kg2 e5 24. Qh5+ Kd7 25. Qg4+ Kc6 26. Be3 Qf6 27. Qe4+ Kd7 28.
Nd5 Qf7 29. Bxd4 exd4 30. Qe7+ Kc6 31. Qxf7 Rxf7 32. Rcd1 Rbf8 33. Rd2 Kc5 34. b3 c6 35. Nf4 d5 36. Ne6+ 1-0

[Event "2. Itzehoer Schach Open"]
[Site "Itzehoe, Germany"]
[Date "2023.04.30"]
[Round "4.36"]
[White "Recklies, Volker"]
[Black "Offenbaecher, Julius"]
[Result "1-0"]
[TimeControl "90 min / 40 Züge + 30 min + 30 Sek pro Zug"]
[WhiteElo "1701"]
[BlackElo "1128"]

1. Nf3 Nf6 2. g3 g6 3. Bg2 Bg7 4. d4 d5 5. O-O O-O 6. c3 c6 7. Nbd2 Bf5 8. Re1 Nbd7 9. Qb3 Qb6 10.
Nh4 e6 11. e4 dxe4 12. Nxe4 Bxe4 13. Bxe4 Nxe4 14. Rxe4 Nf6 15. Qxb6 axb6 16. Re2 c5 17. Nf3 Rfe8 18. Bg5 Nd7 19.
a3 e5 20. Rae1 f6 21. Bc1 cxd4 22. cxd4 b5 23. dxe5 Nxe5 24. Nxe5 Rxe5 25. Rxe5 fxe5 26. Bd2 e4 27. Rxe4 Bxb2 28.
Rb4 Bxa3 29. Rxb5 Rd8 30. Be3 Rd7 31. h4 Rc7 32. h5 Bc1 33. hxg6 hxg6 34. Kg2 Bxe3 35. fxe3 Rf7 36. g4 Kh7 37.
Kg3 Kh6 38. Kh4 Kh7 39. Kg5 Re7 40. Rb6 Re5+ 41. Kf4 Re7 42. e4 Kg7 43. e5 Kf7 44. Ke4 Re6 45. Rxb7+ Re7 46. Rxe7+ Kxe7 47.
Kd5 g5 48. e6 Ke8 49. Ke5 Ke7 50. Kf5 Kf8 51. Kxg5 Kg7 52. Kf5 Kg8 53. Kf6 Kf8 54. e7+ Ke8 55. g5 1-0

[Event "2. Itzehoer Schach Open"]
[Site "Itzehoe, Germany"]
[Date "2023.04.30"]
[Round "4.9"]
[White "Stiller, Maximilian"]
[Black "Helms, Finn"]
[Result "1-0"]
[TimeControl "90 min / 40 Züge + 30 min + 30 Sek pro Zug"]
[WhiteElo "1657"]
[BlackElo "2002"]

1. Nf3 Nf6 2. d4 e6 3. e3 d5 4.
Bd3 Be7 5. O-O O-O 6. Nbd2 b6 7. b3 Bb7 8. Bb2 Nbd7 9. Ne5 a5 10. a4 c5 11. f4 Ne4 12. Nxe4 dxe4 13. Bb5 Nf6 14.
Qe2 Qc7 15. Rad1 Rfd8 16. c4 Ne8 17. Qg4 cxd4 18. Bxd4 Nf6 19. Qh3 Bc5 20. g4 Bxd4 21. exd4 Ne8 22. Bxe8 Rxe8 23. g5 Rad8 24.
Kf2 Qe7 25. Qh5 Ba8 26. Rfe1 Rf8 27. Re3 g6 28. Qh6 f6 29. gxf6 Qxf6 30. Kg3 Kh8 31. h4 Qf5 32. Qg5 Rd6 33.
Qxf5 gxf5 34. Kf2 Kg7 35. Rg3+ Kf6 36. Ke3 Bc6 37. Rdg1 Be8 38. Rg7 Bg6 39. Rb7 Rfd8 40. Rxg6+ 1-0

[Event "2. Itzehoer Schach Open"]
[Site "Itzehoe, Germany"]
[Date "2023.04.30"]
[Round "4.17"]
[White "Rick, Niklas Corvin"]
[Black "Thomsen, Flemming"]
[Result "1-0"]
[TimeControl "90 min / 40 Züge + 30 min + 30 Sek pro Zug"]
[WhiteElo "1672"]
[BlackElo "1517"]

1. d4 Nf6 2. c4 e6 3. Nc3 d5 4. cxd5 exd5 5. Bg5 c6 6. e3 Nbd7 7. Bd3 Qb6 8. Qc2 Bd6 9. Nf3 O-O 10.
O-O h6 11. Bh4 Re8 12. Rab1 Qc7 13. b4 a6 14. Bg3 Bxg3 15. hxg3 Nf8 16. a4 Ng4 17. Nxd5 Qd8 18. Nc3 Rxe3 19.
fxe3 Nxe3 20. Qf2 Nxf1 21. Rxf1 Be6 22. Ne5 Qc7 23. Ne4 Nd7 24. Nxd7 Qxd7 25. Nc5 Qe7 26. Nxe6 Qxe6 27. Re1 Qd6 28.
Bc4 Rf8 29. Re8 Qxb4 1-0

[Event "2. Itzehoer Schach Open"]
[Site "Itzehoe, Germany"]
[Date "2023.04.30"]
[Round "4.35"]
[White "Hielscher, Ursula"]
[Black "Baumann, Simon"]
[Result "1-0"]
[TimeControl "90 min / 40 Züge + 30 min + 30 Sek pro Zug"]
[WhiteElo "1702"]
[BlackElo "1289"]

1. d4 d5 2. c4 e6 3. Nc3 Nf6 4. Bg5 Nbd7 5. e3 c6 6. Nf3 Qa5 7. Bxf6 Nxf6 8. Nd2 Bb4 9. Qc2 Bd7 10.
Bd3 dxc4 11. Nxc4 Qh5 12. a3 Bxc3+ 13. bxc3 O-O 14. Qe2 Qg5 15. f4 Qg4 16. Qxg4 Nxg4 17. h3 Nh6 18. g4 f6 19.
Rb1 b5 20. Na5 a6 21. Be4 Rac8 22. Nb7 Rc7 23. Nc5 Bc8 24. Kd2 Rd8 25. a4 e5 26. fxe5 fxe5 27. Ke2 exd4 28. cxd4 Re8 29.
Rb3 Nf7 30. axb5 axb5 31. Rc1 Nd6 32. Bg2 Ra7 33. Bxc6 Ra2+ 34. Ke1 Rf8 35. Bd5+ Kh8 36. Nd3 Re8 37. Nf4 Rh2 38. Kf1 Rf8 39.
Kg1 Rd2 40. Rf1 h6 41. Ng6+ 1-0

[Event "2. Itzehoer Schach Open"]
[Site "Itzehoe, Germany"]
[Date "2023.04.30"]
[Round "4.2"]
[White "Wulf von Moers, Jens"]
[Black "Helmer, Jan"]
[Result "1/2-1/2"]
[TimeControl "90 min / 40 Züge + 30 min + 30 Sek pro Zug"]
[WhiteElo "2148"]
[BlackElo "2091"]

1. e4 c5 2. Nc3 Nc6 3. f4 g6 4. Nf3 Bg7 5. Bb5 Nd4 6. O-O Nxb5 7. Nxb5 a6 8. Nc3 e6 9. d3 Ne7 10.
Be3 d6 11. d4 b6 12. Qd2 Bb7 13. Rad1 O-O 14. Qf2 Qc7 15. a4 Rac8 16. Rfe1 d5 17. e5 Nf5 18. Bc1 Rfd8 19. g4 Nxd4 20.
Nxd4 cxd4 21. Ne2 Qxc2 22. Nxd4 Qxf2+ 23. Kxf2 Bc6 24. b3 Bd7 25. Ba3 Bf8 26. Bxf8 Kxf8 27. Rc1 Rc5 28. Ke3 Rdc8 29. Kd2 Kg7 30. g5 h6 31. h4 hxg5 32.
hxg5 a5 33. Rh1 Rxc1 1/2-1/2

[Event "2. Itzehoer Schach Open"]
[Site "Itzehoe, Germany"]
[Date "2023.04.30"]
[Round "4.4"]
[White "Roebers, Jan"]
[Black "Kosanke, Stefan"]
[Result "0-1"]
[TimeControl "90 min / 40 Züge + 30 min + 30 Sek pro Zug"]
[WhiteElo "2083"]
[BlackElo "1933"]

1. e4 e5 2. Nf3 Nf6 3. d4 exd4 4. e5 Qe7 5. c3 d6 6. cxd4 dxe5 7. Nxe5 Ng4 8. Qe2 Nxe5 9. dxe5 Nc6 10.
f4 Bf5 11. Na3 Qb4+ 12. Kf2 Bc5+ 13. Kg3 g5 14. h3 gxf4+ 15. Kh2 O-O-O 16. Nc2 Bxc2 17. Qxc2 Be3 18. Bd3 Kb8 19. Rf1 Nxe5 20.
Be4 Rd4 21. Bf3 Qd6 22. Bxe3 fxe3 23. Kh1 Nxf3 24. Rxf3 Rd2 25. Qc3 Rg8 26. Rxe3 Rdxg2 27. Qe5 Qxe5 28. Rxe5 Rxb2 29. a4 a6 30. Rh5 Rb4 31. Rxh7 Rf8 32. Kg2 b5 33. axb5 axb5 34. h4 Kb7 35.
Rh1 Rc4 36. h5 b4 37. Rg7 b3 38. Rg3 Rb4 39. h6 b2 40. Rb1 Rh8 41. Rh3 Rh7 42. Kf2 Kc8 43. Ke2 Rb6 44. Rf3 Rbxh6 45. Kd2 Rc6 46. Rf2 Rb6 47. Kc2 Kd7 48. Rd1+ Ke7 49. Kb1 Rh5 50. Rdf1 f6 51. Re1+ Re5 52. Rh1 Ra5 53. Rh7+ Ke6 54.
Re2+ Re5 55. Rxe5+ Kxe5 56. Rxc7 f5 0-1

[Event "2. Itzehoer Schach Open"]
[Site "Itzehoe, Germany"]
[Date "2023.04.30"]
[Round "4.21"]
[White "Kitschke, Heiko"]
[Black "Marzik, Arne"]
[Result "1-0"]
[TimeControl "90 min / 40 Züge + 30 min + 30 Sek pro Zug"]
[WhiteElo "2027"]
[BlackElo "1545"]

1. e4 e6 2. d4 d5 3. Nd2 c5 4. exd5 exd5 5. Ngf3 Nc6 6. dxc5 Bxc5 7. Nb3 Bb6 8. c3 Nf6 9. Be2 O-O 10.
O-O Re8 11. Bg5 Qd6 12. Nbd2 h6 13. Bh4 Bf5 14. Nc4 Qe6 15. Nxb6 axb6 16. Re1 Ra4 17. Qxa4 1-0

[Event "2. Itzehoer Schach Open"]
[Site "Itzehoe, Germany"]
[Date "2023.04.30"]
[Round "4.30"]
[White "Roebers, Bregje"]
[Black "Bartels, Jens"]
[Result "0-1"]
[TimeControl "90 min / 40 Züge + 30 min + 30 Sek pro Zug"]
[WhiteElo "1162"]
[BlackElo "1589"]

1. e4 c5 2. Nf3 Nc6 3. c3 d5 4. exd5 Qxd5 5. Be2 e5 6. d3 Bd6 7. Qb3 Qxb3 8. axb3 b6 9. O-O Bb7 10.
Nbd2 f6 11. Re1 Nge7 12. Ne4 Bc7 13. Bd1 O-O 14. Bc2 Rfd8 15. Bd2 a5 16. c4 Nb4 17. Bxb4 axb4 18. Ned2 Nc6 19. h3 Na5 20.
Ne4 Bc6 21. Ned2 Nb7 22. Kf1 Kf7 23. Kg1 g6 24. Nh2 Nd6 25. Nhf3 Nf5 26. Ne4 Bxe4 27. dxe4 Nd4 28. Nxd4 exd4 29.
Bd3 Re8 30. f3 Bg3 31. Red1 Ke6 32. Kf1 Ke5 33. Ke2 Kf4 34. Rdb1 Kg5 35. Ra4 Rxa4 36. bxa4 Bf4 37. b3 Kh4 38. Kf1 Be3 39. Rb2 Re5 40.
Ra2 h5 41. Be2 f5 42. Bd3 fxe4 43. Bxe4 g5 44. Bd3 Kg3 45. Be2 Rf5 46. Bd3 Rf4 47. Bg6 g4 48. Bxh5 gxh3 49. gxh3 Kxh3 50.
Bg4+ Kh4 51. Rh2+ Kg5 52. Ke2 Rf6 53. Kd3 Rf7 54. Rh5+ Kf4 55. Rh6 Rb7 56. Rh8 Kg3 57. Bf5 Bf4 58.
Rg8 Kf2 59. Be4 Re7 60. Rg4 Rf7 61. Bd5 Rf6 62. Ke4 Bd6 63. Kd3 Rh6 64. Re4 Rh1 65. Re2+ Kg3 66. Rb2 Rc1 0-1

[Event "2. Itzehoer Schach Open"]
[Site "Itzehoe, Germany"]
[Date "2023.04.30"]
[Round "4.1"]
[White "Carlstedt, Jonathan"]
[Black "Kuegel, Tobias"]
[Result "1-0"]
[TimeControl "90 min / 40 Züge + 30 min + 30 Sek pro Zug"]
[WhiteElo "2452"]
[BlackElo "2332"]

1. Nf3 d5 2. b3 Nf6 3. Bb2 e6 4. e3 c5 5. d4 Nc6 6. Nbd2 Be7 7. dxc5 O-O 8. a3 a5 9. Bd3 Nd7 10.
b4 axb4 11. axb4 Rxa1 12. Qxa1 Nxb4 13. Bxg7 Bf6 14. Bxf6 Qxf6 15. Qxf6 Nxf6 16. Ke2 Nd7 17. Nb3 b6 18. cxb6 Nxb6 19.
Rb1 Na4 20. Kd2 Nxd3 21. cxd3 f6 22. Rc1 e5 23. Nc5 Nb6 24. Rb1 Nd7 25. Ne6 Re8 26. Nc7 Rd8 27. Nxd5 Nc5 28. Nxf6+ Kg7 29.
Rb6 Nxd3 30. Rd6 Rxd6 31. Ne8+ Kg6 32. Nxd6 Ba6 33. Ne4 Kf5 34. Ng3+ Kf6 35. Nh1 Nc5 36. Ne1 Ne4+ 37. Kc2 h5 38.
f3 Nd6 39. e4 Kg5 40. Kd2 h4 41. Ke3 Nc4+ 42. Kf2 Na3 43. Ke3 Bf1 44. g3 hxg3 45. Nxg3 Ba6 46. Ng2 Nc2+ 47. Kf2 Nb4 48.
h4+ Kg6 49. Nf5 Kh5 50. Kg3 Nc6 51. Nge3 Bc8 52. Nd6 Be6 53. Ng4 Kg6 54. Nb7 Kh5 55. Nc5 Bc8 56. Nd3 Nd4 57. Nf6+ Kg6 58.
Nd5 Kh5 59. Nxe5 Ne2+ 60. Kf2 Nd4 61. Ng6 Kxg6 62. Ne7+ Kh5 63. Nxc8 Kxh4 64. Ne7 Kg5 65. Nd5 Kh4 66. Nb4 Ne6 67.
Ke3 Kg3 68. Nd3 Ng5 69. f4 Nf7 70. e5 Kg4 71. Ke4 Kh5 72. e6 Nd6+ 73. Ke5 Nc4+ 74. Kf6 Kg4 75. Ne5+ Nxe5 76. fxe5 Kh5 77.
e7 Kh6 78. e8=Q Kh7 79. Qa8 Kh6 80. Qh1 1-0

[Event "2. Itzehoer Schach Open"]
[Site "Itzehoe, Germany"]
[Date "2023.04.30"]
[Round "4.7"]
[White "Moysich, Dirk"]
[Black "Neumann, Frank"]
[Result "0-1"]
[TimeControl "90 min / 40 Züge + 30 min + 30 Sek pro Zug"]
[WhiteElo "1860"]
[BlackElo "2030"]

1. c4 e5 2. g3 Nf6 3. Bg2 d5 4. cxd5 Nxd5 5. Nc3 Nb6 6. Nf3 Nc6 7. O-O Be7 8. d3 O-O 9. Be3 Be6 10.
Rc1 f6 11. a3 Nd4 12. Bxd4 exd4 13. Ne4 Qd7 14. Qc2 c6 15. Nc5 Bxc5 16. Qxc5 Rad8 17. Qa5 Nc8 18. b4 a6 19. Qc5 Rfe8 20.
Rc2 Qd6 21. Rb1 Rd7 22. a4 Red8 23. Nd2 Ne7 24. Ne4 Qb8 25. Rcb2 b6 26. Qc1 Bd5 27. a5 f5 28. Ng5 Rc8 29.
Rc2 Rdd8 30. Nf3 Bxf3 31. Bxf3 Nd5 32. Bxd5+ cxd5 33. axb6 Rxc2 34. Qxc2 Qxb6 35. Qa2 h6 36. Qa5 Qf6 37. Rc1 Kh7 38. Qc7 Rd6 39. Qa5 f4 40.
Rc5 f3 41. exf3 Qxf3 42. Qa3 Re6 43. Rc1 Re2 44. Rf1 Qf6 45. h4 Rd2 46. Kg2 Qg6 47. Ra1 Qf5 48. Rf1 Rxd3 49. Qxa6 Qf3+ 50.
Kg1 Rb3 51. b5 d3 52. h5 Qxh5 53. Qa4 Rb2 54. Qd4 Rb3 55. Qa4 Rb2 56. Qd4 Qe2 57. Qxd5 d2 58. Qf5+ Kg8 59. Qc8+ Kf7 60.
Qf5+ Ke7 61. Qc5+ Ke6 62. Qc8+ Kd5 63. Qc6+ Kd4 64. Qd6+ Kc3 65. b6 Qxf1+ 66. Kxf1 Rb1+ 0-1

[Event "2. Itzehoer Schach Open"]
[Site "Itzehoe, Germany"]
[Date "2023.04.30"]
[Round "4.11"]
[White "Liu, Jan Luca"]
[Black "Knuedel, Torben"]
[Result "0-1"]
[TimeControl "90 min / 40 Züge + 30 min + 30 Sek pro Zug"]
[WhiteElo "1073"]
[BlackElo "2250"]

1. e4 c5 2. Nf3 d6 3. Nc3 a6 4.
d4 cxd4 5. Nxd4 Nf6 6. g3 e5 7. Nde2 Nc6 8. Bg5 Be6 9. f4 Be7 10. Qd2 O-O 11. O-O-O Qa5 12. Bxf6 Bxf6 13. a3 Rac8 14. Nd5 Bxd5 15. exd5 Qxd2+ 16. Rxd2 Na5 17. fxe5 Bg5 18. Nf4 Nb3+ 19. Kd1 Nxd2 20. Kxd2 dxe5 21. h4 Bh6 22. Bh3 Rcd8 23. Kc3 exf4 24.
gxf4 Bxf4 25. Bf5 Rxd5 26. Be4 Rd7 27. Rf1 Be5+ 28. Kc4 Rd4+ 29. Kb3 Rxe4 30. h5 f5 31. h6 g6 32. Rf3 f4 33.
c3 Re3 34. Rf2 f3 35. Rf1 f2 36. Kc2 Re1 37. Rxe1 fxe1=Q 38. Kb3 Qd1+ 39. Ka2 Qd5+ 40. Kb1 Rf1+ 41. Kc2 Qd1# 0-1

[Event "2. Itzehoer Schach Open"]
[Site "Itzehoe, Germany"]
[Date "2023.04.30"]
[Round "4.3"]
[White "Trapp, Hannes"]
[Black "Nahnsen, Kenneth"]
[Result "1-0"]
[TimeControl "90 min / 40 Züge + 30 min + 30 Sek pro Zug"]
[WhiteElo "1677"]
[BlackElo "2021"]

1. e4 c5 2. Nf3 d6 3. d4 cxd4 4. Nxd4 Nf6 5. Nc3 g6 6. Bc4 Bg7 7. f3 O-O 8. Be3 Nc6 9. Qd2 Bd7 10.
Nce2 Ne5 11. Bb3 b5 12. Bh6 a5 13. a3 b4 14. Bxg7 Kxg7 15. axb4 axb4 16. O-O Qb6 17. Kh1 Nc6 18.
Nxc6 Bxc6 19. Ng3 h6 20. h3 Rfd8 21. Rxa8 Rxa8 22. Rd1 Qc5 23. Qd4 Ra1 24. Qxc5 Rxd1+ 25. Qg1 Rxg1+ 26. Kxg1 Nd7 27.
Ne2 Nc5 28. Nc1 Bb5 29. Kf2 Kf6 30. Ke3 e5 31. Bd5 Ke7 32. Na2 Na6 33. h4 f5 34. g3 Kf6 35. Bb7 Nc5 36. Bc8 b3 37.
cxb3 Nxb3 38. Nc3 Bc6 39. g4 fxg4 40. fxg4 g5 41. h5 Ke7 42. Ne2 Kd8 43. Be6 Nc5 44. Bd5 Bd7 45. Kf3 Ba4 46.
Nc3 Bd7 47. Ne2 Nd3 48. b3 Ne1+ 49. Kg3 Nc2 50. Kf3 Nd4+ 51. Nxd4 exd4 52. Bc4 Kc7 53. Bd3 Kb6 54. b4 Ba4 55.
Ke2 Bb3 56. Kd2 Ba2 57. Kc2 Kc6 58. Be2 d5 59. e5 Bc4 60. Bd3 Kd7 61. b5 1-0

[Event "2. Itzehoer Schach Open"]
[Site "Itzehoe, Germany"]
[Date "2023.04.30"]
[Round "4.15"]
[White "Wolf, Finn"]
[Black "Schacht, David"]
[Result "1/2-1/2"]
[TimeControl "90 min / 40 Züge + 30 min + 30 Sek pro Zug"]
[WhiteElo "1677"]
[BlackElo "1541"]

1. e4 e5 2. Nf3 Nc6 3. Bb5 Nge7 4. c3 g6 5. d4 Bg7 6. Be3 O-O 7. O-O d5 8. exd5 Nxd5 9. Bxc6 Nxe3 10.
fxe3 bxc6 11. h3 e4 12. Nfd2 Qg5 13. Nxe4 Qxe3+ 14. Nf2 Re8 15. Nd2 Qe2 16. Re1 Qxd1 17. Raxd1 Be6 18. Nfe4 Bd5 19.
Nc5 Bh6 20. Nde4 Bg7 1/2-1/2

[Event "2. Itzehoer Schach Open"]
[Site "Itzehoe, Germany"]
[Date "2023.04.30"]
[Round "4.10"]
[White "Neuendorf, Max"]
[Black "Oortmann, Alexis"]
[Result "1/2-1/2"]
[TimeControl "90 min / 40 Züge + 30 min + 30 Sek pro Zug"]
[WhiteElo "2000"]
[BlackElo "1095"]

1. e4 c5 2. c3 Nf6 3. e5 Nd5 4. d4 d6 5. Nf3 cxd4 6. cxd4 Nc6 7. Bc4 Nb6 8. Bb5 e6 9. O-O Bd7 10.
Nc3 Be7 11. Qe2 Nb4 12. a3 Bxb5 13. Nxb5 N4d5 14. Bd2 a6 1/2-1/2

[Event "2. Itzehoer Schach Open"]
[Site "Itzehoe, Germany"]
[Date "2023.04.30"]
[Round "4.5"]
[White "Tarasenko, Nazar"]
[Black "Pitic, Jasmin"]
[Result "0-1"]
[TimeControl "90 min / 40 Züge + 30 min + 30 Sek pro Zug"]
[WhiteElo "1970"]
[BlackElo "2067"]

1. d4 d5 2. c4 e6 3. Nc3 Be7 4. cxd5 exd5 5. Qc2 c6 6. Bf4 Nf6 7. h3 O-O 8. e3 Bd6 9. Bxd6 Qxd6 10. Bd3 Re8 11. Nf3 Nbd7 12.
O-O Nf8 13. Ne5 N6d7 14. Nf3 Nf6 15. Rfb1 a5 16. Qa4 Bd7 17. Qc2 Ne6 18. Re1 g6 19. Rad1 Ng7 20. g4 h5 21. g5 Nh7 22.
h4 Qe6 23. Ne5 Qh3 24. f4 Qxh4 25. Re2 Rxe5 26. dxe5 Bg4 27. Rf1 Qg3+ 28. Kh1 Bf3+ 29. Rxf3 Qxf3+ 30. Kh2 d4 31. Rf2 Qxe3 32.
Nd1 Qe1 33. a4 Nf8 34. Kg2 Nfe6 35. f5 gxf5 36. Bxf5 Qxe5 37. Bxe6 Qxe6 38. Qd3 Qg4+ 39. Kf1 Re8 40. Qb3 Re6 41.
Qd3 c5 42. Qb3 Nf5 43. Rg2 Qf4+ 44. Rf2 Qe4 0-1

[Event "2. Itzehoer Schach Open"]
[Site "Itzehoe, Germany"]
[Date "2023.04.30"]
[Round "4.25"]
[White "Drozd, Maciej"]
[Black "Harten, Jan"]
[Result "1-0"]
[TimeControl "90 min / 40 Züge + 30 min + 30 Sek pro Zug"]
[WhiteElo "1334"]
[BlackElo "1819"]

1. e4 e5 2. Nf3 Nc6 3. d4 exd4 4. Nxd4 Nxd4 5. Qxd4 Qf6 6. Qe3 Bb4+ 7. c3 Ba5 8. Bc4 Nh6 9. h3 Bb6 10.
Qe2 d6 11. Be3 Qg6 12. Nd2 Be6 13. Bd3 Bxe3 14. Qxe3 Qh5 15. O-O f6 16. Bc4 Qf7 17. Bxe6 Qxe6 18. Nf3 O-O 19. Nd4 Qe7 20.
Qd3 a6 21. Rfe1 Rfe8 22. Re3 Qf7 23. c4 Rad8 24. Rd1 Kh8 25. a3 Ng8 26. Qc3 Ne7 27. c5 dxc5 28. Qxc5 Nc6 29. Red3 Ne5 30. R3d2 Rd6 31. Nf5 Rxd2 32. Rxd2 Nc4 33.
Re2 g6 34. Ng3 h5 35. Rc2 b5 36. b3 Re5 37. Qa7 Nxa3 38. Rxc7 Qf8 39. Qxa6 b4 40. Rc8 Re8 41. Rxe8 Qxe8 42.
Qxf6+ Kh7 43. e5 Nb5 44. Ne4 Nd4 45. Qd6 Ne2+ 46. Kf1 Qb5 47. Qe7+ Kh6 48. Qf8+ 1-0

[Event "2. Itzehoer Schach Open"]
[Site "Itzehoe, Germany"]
[Date "2023.04.30"]
[Round "4.19"]
[White "Wohlrabe, Joerg"]
[Black "Frahm, Ben Jonas"]
[Result "1-0"]
[TimeControl "90 min / 40 Züge + 30 min + 30 Sek pro Zug"]
[WhiteElo "1635"]
[BlackElo "1406"]

1. e4 e5 2. Nf3 Nf6 3. Nxe5 d6 4.
Nf3 Nxe4 5. d4 d5 6. Bd3 Bd6 7. O-O O-O 8. c4 c6 9. cxd5 cxd5 10. Nc3 Re8 11. Re1 Nxc3 12. bxc3 Bg4 13.
Rxe8+ Qxe8 14. Be3 Nd7 15. Bxh7+ Kxh7 16. Ng5+ Kg8 17. Qxg4 Nf6 18. Qd1 Rc8 19. Bd2 Ne4 20. Nxe4 Qxe4 21.
g3 Qd3 22. Be1 Qe4 23. Qb1 Qe7 24. Qb5 Ba3 25. Bd2 Rd8 26. Re1 Qd7 27. Qb3 Be7 28. Rb1 b6 29. Qb5 Qf5 30. Re1 Qc2 31.
Rxe7 Qxd2 32. Rxa7 Qxc3 33. Ra4 Qe1+ 34. Qf1 Qd2 35. Qb1 Rc8 36. Kg2 g6 37. Qb4 Qe2 38. Qb3 Rc2 39. Qf3 Rxa2 40.
Rb4 Qe6 41. Rb3 Ra4 42. Re3 Qd6 43. Re8+ Kg7 44. Qg4 f6 45. Qh4 Ra2 46. Qh8+ Kf7 47. Qg8# 1-0

[Event "2. Itzehoer Schach Open"]
[Site "Itzehoe, Germany"]
[Date "2023.04.30"]
[Round "4.12"]
[White "Stehle, Fabian"]
[Black "Lichtmannecker, Daniel"]
[Result "1/2-1/2"]
[TimeControl "90 min / 40 Züge + 30 min + 30 Sek pro Zug"]
[WhiteElo "1569"]
[BlackElo "2162"]

1. e4 c6 2. Nc3 d5 3. Nf3 dxe4 4. Nxe4 Nf6 5. Qe2 Nxe4 6. Qxe4 Nd7 7. Bc4 Nf6 8. Ne5 e6 9. Qe2 b5 10.
Bb3 Qc7 11. d4 Bd6 12. Bf4 O-O 13. O-O a5 14. c3 c5 15. Rad1 c4 16. Bc2 Bb7 17. Bg5 Nd5 18. Bh4 b4 19. Qe4 f5 20. Qe1 Bxe5 21.
dxe5 Qc6 22. f3 Ba6 23. Rd4 Rab8 24. Rf2 bxc3 25. bxc3 Qc5 26. Re2 Qa3 27. Rxd5 exd5 28. e6 Bc8 29.
e7 Re8 30. Qg3 Rb6 31. Qc7 Qd6 32. Qxd6 Rxd6 33. Ba4 Bd7 34. Bg3 Bxa4 35. Bxd6 Kf7 36. Re5 Bc6 37. Ba3 g6 38. g3 Rb8 39.
Kf2 Kf6 40. f4 g5 1/2-1/2

[Event "2. Itzehoer Schach Open"]
[Site "Itzehoe, Germany"]
[Date "2023.04.30"]
[Round "4.28"]
[White "Tran, Hanna Emilie Mai Hoa"]
[Black "Hansen, Fridolin"]
[Result "0-1"]
[TimeControl "90 min / 40 Züge + 30 min + 30 Sek pro Zug"]
[WhiteElo "1250"]
[BlackElo "1764"]

1. e4 d6 2. d4 Nf6 3. Nc3 g6 4. Bf4 Bg7 5. Nf3 O-O 6. h3 c6 7. Bd3 Nbd7 8. Qd2 Re8 9. e5 Nd5 10.
Nxd5 cxd5 11. O-O dxe5 12. Nxe5 Qb6 13. c3 Nxe5 14. Bxe5 f6 15. Bf4 e5 16. dxe5 fxe5 17. Bg5 Be6 18.
Rfe1 e4 19. Bc2 Qxb2 20. Rab1 Qxc3 21. Qxc3 Bxc3 22. Red1 b6 23. Ba4 Rec8 24. Bb3 Rc5 25. Be3 Ra5 26. Bd2 Bxd2 27. Rxd2 Rd8 28. Rc1 Rc5 29. Re1 Rd6 30. Re3 Bf7 31.
f3 exf3 32. Rxf3 b5 33. Rf4 a5 34. a4 b4 35. Kf2 Kg7 36. Kg3 Rc3+ 37. Rf3 Rxf3+ 38. Kxf3 Kf6 39. Rd4 Ke5 40. Ke3 Rc6 41.
Rd3 d4+ 42. Kf3 Bxb3 43. Rxb3 Rc3+ 44. Rxc3 bxc3 0-1

[Event "2. Itzehoer Schach Open"]
[Site "Itzehoe, Germany"]
[Date "2023.04.30"]
[Round "4.27"]
[White "Vieito, Luis-Maria"]
[Black "Tobis, Julius"]
[Result "1/2-1/2"]
[TimeControl "90 min / 40 Züge + 30 min + 30 Sek pro Zug"]
[WhiteElo "1773"]
[BlackElo "1334"]

1. e4 e5 2. Nf3 Nc6 3. Bb5 a6 4.
Ba4 b5 5. Bb3 Nf6 6. O-O Be7 7. Qe2 O-O 8. c3 d6 9. h3 Re8 10. d4 h6 11. Be3 Bf8 12. Nbd2 Bb7 13. d5 Ne7 14.
a4 c6 15. dxc6 Bxc6 16. axb5 axb5 17. Qd3 Ng6 18. c4 Qd7 19. Nh2 bxc4 20. Bxc4 Rxa1 21. Rxa1 Ra8 22. Rxa8 Bxa8 23. Qc2 d5 24.
exd5 Nxd5 25. Nhf1 Ndf4 26. f3 Nh4 27. Bxf4 exf4 28. Kh2 Qd4 29. Qd3 Qxb2 30. Qd8 Qf6 31. Qxa8 Qg5 32. g4 fxg3+ 33. Kg1 g2 34. Bxf7+ Kxf7 35.
Qa2+ Kg6 36. Qe6+ Kh5 37. Qe8+ g6 38. Qxf8 gxf1=Q+ 39. Kxf1 Qg2+ 40. Ke1 Qg1+ 41. Ke2 Ng2 42. Ne4 Qe3+ 43.
Kd1 1/2-1/2

[Event "2. Itzehoer Schach Open"]
[Site "Itzehoe, Germany"]
[Date "2023.04.30"]
[Round "4.8"]
[White "Martin, Dennis"]
[Black "Freitag, Christian"]
[Result "1/2-1/2"]
[TimeControl "90 min / 40 Züge + 30 min + 30 Sek pro Zug"]
[WhiteElo "2012"]
[BlackElo "1886"]

1. d4 d5 2. c4 e6 3. Nf3 Nf6 4. g3 Be7 5. Bg2 O-O 6. O-O c6 7. Nbd2 h6 8. Qc2 Re8 9. Rd1 Nbd7 10.
e4 dxe4 11. Nxe4 Nxe4 12. Qxe4 Qc7 13. Ne5 Nxe5 14. dxe5 Bd7 15. Be3 Rad8 16. Bf1 Bf8 17. Bd3 g6 18. h4 c5 19. Bf4 Bc6 20.
Qe3 b6 21. f3 Bg7 22. Bc2 g5 23. Rxd8 Rxd8 24. hxg5 hxg5 25. Bxg5 Rd4 26. Re1 f6 27. Bh4 Qxe5 28. Qxe5 fxe5 29.
Kf2 Rxc4 30. Bb3 Rd4 31. Bxe6+ Kf8 32. Bg5 e4 33. fxe4 Rxe4 34. Rxe4 Bxe4 35. b3 Bd4+ 36. Be3 Ke7 37.
Bc4 Kf6 38. Ke2 Bxe3 39. Kxe3 Ke5 40. Bd3 Bc6 41. a4 Bd7 42. Kf3 Kd4 43. Bc4 Bxa4 44. g4 Bc6+ 45. Kf4 b5 46. Be6 c4 47.
bxc4 bxc4 48. g5 Be8 49. Kf3 Kd3 50. Bf5+ Kd2 51. Ke4 Kc3 52. Kd5 Kb4 53. Kd4 a5 54. g6 Bxg6 55. Bxg6 a4 56.
Bf7 c3 57. Kd3 a3 1/2-1/2

[Event "2. Itzehoer Schach Open"]
[Site "Itzehoe, Germany"]
[Date "2023.04.30"]
[Round "4.32"]
[White "Knudsen, Max Leon"]
[Black "Schindehuette, Frank"]
[Result "0-1"]
[TimeControl "90 min / 40 Züge + 30 min + 30 Sek pro Zug"]
[WhiteElo "931"]
[BlackElo "1575"]

1. e4 d5 2. exd5 Nf6 3. Bc4 Bf5 4. Nf3 Nxd5 5. Bxd5 Qxd5 6. Nc3 Qe6+ 7. Ne2 Qg6 8. Nf4 Qb6 9. Nd5 Qc6 10.
Nb4 Qe4+ 11. Qe2 Qxb4 12. O-O Bxc2 13. Qe5 Qd6 14. Qc3 Bg6 15. Nd4 a6 16. b4 Nc6 17. b5 Nxd4 18. Ba3 Ne2+ 19.
Kh1 Nxc3 20. Bxd6 Nxb5 21. Bg3 e6 22. a4 Nd6 23. Bxd6 Bxd6 24. d3 Bxd3 25. Rab1 Bxb1 26. Rxb1 b5 27.
axb5 axb5 28. h4 O-O 29. g3 b4 30.
Re1 Ra2 31. Re3 Rxf2 32. Rb3 Ra8 33. Kg1 Bc5 34. Rd3 Ra1+ 35. Rd1 Rxd1# 0-1